 Dungeon Crawl Stone Soup version 0.25.1-9-gc5326a611f (webtiles) character file.

Game seed: 7971352520787097143

77605 H0rd4k the Eclecticist (level 15, -6/72 HPs)
             Began as a Deep Elf Wizard on Jan 19, 2021.
             Was an Initiate of Gozag.
             Killed by an exploding fulminant prism (39 damage)
             ... created by the player character
             ... on level 1 of the Snake Pit on Jan 20, 2021.
             The game lasted 02:03:51 (32295 turns).

H0rd4k the Eclecticist (Deep Elf Wizard)           Turns: 32295, Time: 02:03:52

Health: -6/72      AC: 12    Str:  9    XL:     15   Next: 15%
Magic:  16/41      EV: 14    Int: 39    God:    Gozag
Gold:   1377       SH:  0    Dex:  8    Spells: 14/55 levels left

rFire    + + .     SeeInvis .   c - staff of fire
rCold    x . .     Gourm    .   (no shield)
rNeg     + . .     Faith    .   Z - +3 leather armour of Zoehoos {Str+5}
rPois    .         Spirit   .   A - +2 helmet "Amauno" {+Inv Int+5 Dex-5}
rElec    +         Reflect  .   P - +2 cloak {MR+}
rCorr    .         Harm     .   (no gloves)
MR       ++...                  (no boots)
Stlth    +++++.....             t - amulet of regeneration
HPRegen  0.62/turn              v - ring of Kurig {Fire Stlth+}
MPRegen  0.27/turn              u - ring "Cethrasue" {rElec rN+ Int+4 Stlth+}

@: gold aura
A: no striking features
a: Potion Petition, Call Merchant, Bribe Branch, Renounce Religion, Evoke
Invisibility


You were on level 1 of the Snake Pit.
You worshipped Gozag.
Gozag was most pleased with you.
You were not hungry.

You visited 4 branches of the dungeon, and saw 19 of its levels.
You also visited: Ossuary.

You collected 8057 gold pieces.
You spent 3064 gold pieces at shops.
You paid 3616 gold pieces to Gozag.

Inventory:

Hand Weapons
 H - a +2 shortbow of freezing
 R - the +0 dagger "Zilaostu" {venom, rC+ Int+7}
   (You bought it in a shop on level 10 of the Dungeon)

   It poisons the flesh of those it strikes.
   It affects your intelligence (+7).
   It protects you from cold.
Armour
 A - the +2 helmet "Amauno" (worn) {+Inv Int+5 Dex-5}
   (You found it on level 6 of the Lair of Beasts)

   It affects your intelligence (+5).
   It affects your dexterity (-5).
   It lets you turn invisible.
 P - a +2 cloak of magic resistance (worn)
 Z - the +3 leather armour of Zoehoos (worn) {Str+5}
   (You found it on level 6 of the Lair of Beasts)

   It affects your strength (+5).
Magical Staves
 a - an uncursed staff of air
 c - an uncursed staff of fire (weapon)
 r - an uncursed staff of wizardry
 s - an uncursed staff of earth
Jewellery
 t - an amulet of regeneration (around neck)
 u - the ring "Cethrasue" (right hand) {rElec rN+ Int+4 Stlth+}
   (You bought it in a shop on level 8 of the Dungeon)

   [ring of positive energy]

   It affects your intelligence (+4).
   It insulates you from electricity.
   It protects you from negative energy.
   It makes you more stealthy.
 v - the ring of Kurig (left hand) {Fire Stlth+}
   (You bought it in a shop on level 8 of the Dungeon)

   [ring of fire]

   It enhances your fire magic.
   It protects you from fire.
   It makes you vulnerable to cold.
   It makes you more stealthy.
 y - an uncursed ring of resist corrosion
 O - an uncursed ring of poison resistance
Wands
 f - a wand of paralysis (10)
 w - a wand of polymorph (5)
 E - a wand of flame (42)
 N - a wand of disintegration (2)
Scrolls
 b - 2 scrolls of brand weapon
 e - 5 scrolls of teleportation
 h - 3 scrolls of magic mapping
 j - 3 scrolls of fog
 n - 6 scrolls of remove curse
 o - 2 scrolls of enchant weapon
 D - 5 scrolls of fear
 G - 4 scrolls of amnesia
 L - a scroll of summoning {unknown}
 M - 3 scrolls of noise {unknown}
 S - a scroll of silence {unknown}
 V - a scroll of holy word {unknown}
 X - 2 scrolls of blinking
Potions
 g - 7 potions of curing
 i - 5 potions of might
 k - 2 potions of resistance
 m - a potion of ambrosia
 p - 4 potions of stabbing
 x - 4 potions of brilliance
 z - a potion of mutation
 B - 4 potions of magic
 C - 3 potions of haste
 K - 6 potions of berserk rage
 Q - 3 potions of flight
Miscellaneous
 Y - a phial of floods
Comestibles
 d - 16 rations


   Skills:
   Level 1.8 Long Blades
 + Level 8.2 Dodging
 + Level 6.0 Stealth
 + Level 20.8 Spellcasting
 + Level 14.0 Conjurations
 + Level 6.1 Hexes
 * Level 3.6 Charms
 + Level 1.7 Summonings
 + Level 10.4 Translocations
 + Level 9.3 Fire Magic
 + Level 0.4 Ice Magic
 + Level 2.4 Air Magic
 + Level 2.3 Poison Magic
 + Level 2.6 Evocations


You had 14 spell levels left.
You knew the following spells:

 Your Spells              Type           Power        Failure   Level  Hunger
a - Magic Dart            Conj           ####         0%          1    None
b - Blink                 Tloc           N/A          1%          2    None
c - Conjure Flame         Conj/Fire      ########     1%          3    None
d - Mephitic Cloud        Conj/Pois/Air  ######..     1%          3    None
e - Gell's Gravitas       Tloc           #######...   1%          3    None
f - Fulminant Prism       Conj/Hex       #######...   1%          4    None
g - Fireball              Conj/Fire      ########..   1%          5    None
h - Ozocubu's Armour      Chrm/Ice       ######..     1%          3    None
i - Summon Lightning Spi  Summ/Air       ######..     3%          4    None
j - Starburst             Conj/Fire      ########..   1%          6    None
k - Ring of Flames        Chrm/Fire      ########..   47%         7    None

Your spell library contained the following spells:

 Spells                   Type           Power        Failure   Level  Hunger
 Apportation              Tloc           ######       0%          1    None
 Foxfire                  Conj/Fire      ####         0%          1    None
 Searing Ray              Conj           ######       0%          2    None
 Freeze                   Ice            ####         1%          1    None
 Summon Butterflies       Summ           ######..     1%          1    None
 Summon Small Mammal      Summ           ####         1%          1    None
 Call Imp                 Summ           ######..     1%          2    None
 Slow                     Hex            ######..     1%          2    None
 Call Canine Familiar     Summ           ######..     1%          3    None
 Confusing Touch          Hex            ######..     1%          3    None
 Dazzling Flash           Conj/Hex       ######       1%          3    None
 Ignite Poison            Fire/Tmut/Pois ########     1%          3    None
 Inner Flame              Hex/Fire       ########     1%          3    None
 Lesser Beckoning         Tloc           #######...   1%          3    None
 Summon Guardian Golem    Hex/Summ       ######..     1%          3    None
 Tukima's Dance           Hex            ######..     1%          3    None
 Hailstorm                Conj/Ice       #######.     1%          4    None
 Iskenderun's Mystic Bla  Conj/Tloc      #######.     1%          4    None
 Sticky Flame             Conj/Fire      ########     1%          4    None
 Frozen Ramparts          Ice            #####.       2%          3    None
 Summon Ice Beast         Ice/Summ       #####...     5%          4    None
 Metabolic Englaciation   Hex/Ice        ######....   6%          5    None
 Yara's Violent Unravell  Hex/Tmut       ######....   7%          5    None
 Petrify                  Tmut/Erth      #####...     9%          4    None
 Invisibility             Hex            ######..     11%         6    None
 Alistair's Intoxication  Tmut/Pois      #####...     16%         5    None
 Ignition                 Fire           ########..   77%         8    ##.....


Dungeon Overview and Level Annotations

Branches:
Dungeon (10/15)            Temple (0/1) D:6            Lair (6/6) D:8
 Shoals (0/4) Lair:4        Snake (1/4) Lair:2        Slime (0/5) Lair:5
    Orc (2/2) D:10            Elf (0/3) Orc:2       Ossuary (visited)

Altars:
Ashenzari
Gozag
Hepliaklqana
Makhleb
Nemelex Xobeh
Qazlal
Vehumet
Zin
Beogh
Jiyva

Shops:
D:8 :=[=   D:9 %   D:10 (   Orc:2 =*:%


Message History

You feel a bit more experienced.
Firing (i - inventory) No suitable missiles.
Press: ? - help, Shift-Dir - straight line, f - you
Okay, then.
Casting: Fulminant Prism (safe; 1% risk of failure)
Confirm with . or Enter, or press ? or * to list all spells.
You feel a strong surge of power!
The fire begins to smolder!
The fire ignites!
Casting: Conjure Flame (safe; 1% risk of failure)
Confirm with . or Enter, or press ? or * to list all spells.
Aiming: Fulminant Prism (safe; 1% risk of failure)
Press: ? - help, Dir - move target cursor You conjure a prism of explosive energy!
A fulminant prism comes into view.
Your fulminant prism crackles loudly.
You hear an explosion!
The blast of energy engulfs you!!!
Ouch! That really hurt!
You die...
Your body crumbles into a pile of gold.

###...# #.....#
#.....#### #........#
##### ####.#..## #...#
###...## #...# #*ยง.###
##### #...#####.#.# #
#...#####.....@..#.#
###...##....##...###.#
.##...##....##.......#
...........#.........#
##....#....).####...$#
......#.#...### ####.#
##............######.#
##.##...#####......#$####
...##...#
##...#...$..#####


There were no monsters in sight!

Vanquished Creatures
  Jorgrun (D:10)
  Kirke (Lair:6)
  A nagaraja (Snake:1)
  Azrael (Snake:1)
  The ghost of ig87 the Slinger, a journeyman HaFi of Okawaru (Lair:6)
  The ghost of mys the Reanimator, a journeyman DsNe of Xom (Lair:2)
  An ice dragon (Lair:6)
  8 hydras
  A naga warrior (Snake:1)
  2 anacondas (Snake:1)
  9 two-headed ogres
  2 ogre magi (Orc:2)
  3 death yaks (Lair:6)
  An orc high priest (Orc:2)
  A naga sharpshooter (Snake:1)
  2 deep trolls (Orc:2)
  A wolf spider (Lair:6)
  2 orc sorcerers (Orc:1)
  4 oklob plants (Lair:4)
  2 cyclopes (Orc:2)
  A deep elf mage (D:9)
  A mana viper (Snake:1)
  2 manticores
  4 black mambas
  A moth of wrath (Lair:6)
  Joseph (D:8)
  A naga mage (Snake:1)
  26 spiny frogs
  2 rime drakes
  6 komodo dragons
  2 polar bears
  9 trolls
  5 tyrant leeches (Lair:6)
  2 dream sheep
  35 blink frogs
  5 hippogriffs
  A slime creature (D:7)
  A snapping turtle (Lair:4)
  3 wyverns
  The ghost of sirjames the Magician, an amateur DEFE (D:6)
  27 yaks
  5 hogs
  A hungry ghost (D:7)
  6 vampire mosquitoes
  5 wargs
  9 nagas
  10 water moccasins
  6 porcupines
  An ice beast (D:7)
  A black bear (D:8)
  An eye of draining (D:8)
  4 sky beasts
  22 orc warriors
  18 wolves
  2 centaurs (D:9)
  8 phantoms
  22 ogres
  An elf zombie (Ossuary)
  12 crocodiles
  31 bullfrogs
  A wyvern zombie (D:7)
  A wyvern skeleton (D:10)
  3 scorpions
  6 killer bees (D:10)
  4 electric eels
  5 wights
  3 howler monkeys
  A lava snake (Lair:6)
  A crimson imp (D:5)
  A bullfrog zombie (D:8)
  2 centaur zombies
  A quasit (D:9)
  3 human zombies (Ossuary)
  4 jellies
  13 orc priests
  3 hounds
  4 bullfrog skeletons
  23 orc wizards
  A gnoll shaman (D:7)
  3 centaur skeletons
  Natasha (thrice) (D:3)
  4 iguanas
  6 worker ants
  A statue (D:9)
  A hound skeleton (D:8)
  4 mummies (Ossuary)
  A worker ant zombie (D:7)
  5 gnolls (D:7)
  7 adders
  A shadow imp (D:9)
  3 white imps (Lair:6)
  2 adder zombies (Ossuary)
  2 adder skeletons
  A worm (D:3)
  2 dart slugs
  3 leopard geckos
  93 orcs
  7 giant cockroaches
  9 goblins
  5 hobgoblins
  16 jackals
  4 kobolds
  6 quokkas
  A ball python (D:3)
  4 bats
  5 frilled lizards
  2 hobgoblin zombies (Ossuary)
  A jackal skeleton (D:8)
  3 jackal zombies (Ossuary)
  A leopard gecko zombie (D:7)
  5 rats
  A rat zombie (Ossuary)
  A bush (Lair:1)
  A butterfly (Lair:2)
  3 fungi
  16 plants
659 creatures vanquished.

Vanquished Creatures (collateral kills)
  2 trolls (Orc:2)
  4 fire elementals (Snake:1)
  2 hell hounds (Snake:1)
  An orc warrior (Orc:2)
  2 ogres (Orc:2)
  An orc wizard (Orc:2)
  3 orcs (Orc:2)
15 creatures vanquished.

Vanquished Creatures (others)
  An orc (Orc:2)
  A bush (Lair:1)
  113 fulminant prisms
  21 fungi
  70 plants
206 creatures vanquished.

Grand Total: 880 creatures vanquished

Notes
Turn   | Place    | Note
-------+----------+-------------------------------------------
     0 | D:1      | H0rd4k the Deep Elf Wizard began the quest for the Orb.
     0 | D:1      | Reached XP level 1. HP: 10/10 MP: 7/7
   465 | D:1      | Reached skill level 5 in Spellcasting
   465 | D:1      | Reached XP level 2. HP: 15/15 MP: 7/10
  1172 | D:2      | Reached XP level 3. HP: 19/19 MP: 5/11
  1176 | D:2      | Learned a level 2 spell: Blink
  1180 | D:2      | Learned a level 3 spell: Conjure Flame
  1184 | D:2      | Learned a level 3 spell: Mephitic Cloud
  2023 | D:2      | Reached skill level 1 in Fire Magic
  2668 | D:3      | Learned a level 3 spell: Gell's Gravitas
  2694 | D:3      | Found a hazy altar of Hepliaklqana.
  2784 | D:3      | Reached XP level 4. HP: 24/24 MP: 6/13
  3496 | D:3      | Noticed Natasha
  3503 | D:3      | Killed Natasha
  3503 | D:3      | Reached skill level 1 in Poison Magic
  3883 | D:3      | Noticed Natasha
  3891 | D:3      | Killed Natasha
  3891 | D:3      | Reached skill level 6 in Spellcasting
  3891 | D:3      | Reached skill level 1 in Air Magic
  3891 | D:3      | Reached XP level 5. HP: 22/28 MP: 9/15
  4101 | D:3      | Noticed Natasha
  4105 | D:3      | Killed Natasha
  4251 | D:5      | Entered Level 5 of the Dungeon
  4535 | D:4      | Noticed an ogre
  4625 | D:4      | Killed an ogre
  4625 | D:4      | Reached XP level 6. HP: 32/32 MP: 6/17
  4733 | D:4      | Got a polished falchion
  4734 | D:4      | Identified the +8 falchion of the Morning {flame, rC+
                  | Str+2} (You found it on level 4 of the Dungeon)
  4888 | D:4      | Reached skill level 7 in Spellcasting
  5535 | D:4      | Reached XP level 7. HP: 36/36 MP: 14/20
  6025 | D:5      | Reached skill level 8 in Spellcasting
  6130 | D:5      | Found a sparkling altar of Nemelex Xobeh.
  6427 | D:5      | Reached skill level 5 in Conjurations
  6678 | D:5      | Found an opulent altar of Gozag.
  6701 | D:5      | Became a worshipper of Gozag Ym Sagoz the Greedy
  6733 | D:6      | Found a staircase to the Ecumenical Temple.
  7068 | D:6      | Found a runed translucent door.
  7069 | D:6      | Noticed sirjames's ghost (amateur DEFE)
  7242 | D:6      | Reached skill level 9 in Spellcasting
  7242 | D:6      | Reached XP level 8. HP: 41/41 MP: 19/23
  8084 | D:7      | Learned a level 4 spell: Fulminant Prism
  8192 | D:7      | Reached skill level 10 in Spellcasting
  8677 | D:7      | Reached XP level 9. HP: 33/45 MP: 8/25
  9235 | D:7      | Reached skill level 11 in Spellcasting
  9780 | D:8      | Reached skill level 5 in Dodging
  9780 | D:8      | Reached skill level 12 in Spellcasting
  9780 | D:8      | Reached skill level 5 in Translocations
  9804 | D:8      | Found a sand-covered staircase.
  9841 | Ossuary  | Entered an ossuary
  9865 | Ossuary  | Reached skill level 1 in Long Blades
 10471 | D:8      | Reached XP level 10. HP: 50/50 MP: 21/28
 10995 | D:8      | Found a staircase to the Lair.
 11297 | D:8      | Found a stormy altar of Qazlal.
 11410 | D:8      | Reached skill level 13 in Spellcasting
 11549 | D:8      | Noticed Joseph
 11555 | D:8      | Killed Joseph
 11913 | D:9      | Noticed a deep elf mage
 11923 | D:9      | Killed a deep elf mage
 12136 | D:9      | Found a shattered altar of Ashenzari.
 12417 | D:9      | Reached skill level 5 in Stealth
 12488 | D:9      | Found a radiant altar of Vehumet.
 12648 | D:9      | Found Iteisog's Food Boutique.
 13093 | D:9      | Found a burning altar of Makhleb.
 13327 | D:9      | Reached skill level 14 in Spellcasting
 13423 | D:10     | Entered Level 10 of the Dungeon
 13838 | D:10     | Found a staircase to the Orcish Mines.
 13871 | D:10     | Reached XP level 11. HP: 54/54 MP: 9/31
 14822 | D:10     | Noticed a two-headed ogre
 14836 | D:10     | Killed a two-headed ogre
 14836 | D:10     | Reached skill level 15 in Spellcasting
 15348 | D:10     | Found Dodghan's Antique Weapon Emporium.
 15351 | D:10     | Bought a brightly glowing dagger for 252 gold pieces
 15351 | D:10     | Identified the cursed +0 dagger "Zilaostu" {venom, rC+
                  | Int+7} (You bought it in a shop on level 10 of the Dungeon)
 15360 | D:10     | Identified a scroll of acquirement
 15360 | D:10     | Acquired 870 gold pieces
 15459 | Lair:1   | Entered Level 1 of the Lair of Beasts
 15462 | Lair:1   | Noticed a six-headed hydra
 15859 | Lair:1   | Killed a six-headed hydra
 16867 | Lair:2   | Found a glowing silver altar of Zin.
 17075 | Lair:2   | Reached skill level 16 in Spellcasting
 17122 | Lair:2   | Reached skill level 1 in Hexes
 17166 | Lair:3   | Got a shimmering falchion
 17389 | Lair:3   | Reached XP level 12. HP: 58/59 MP: 20/34
 17514 | Lair:3   | Reached skill level 10 in Conjurations
 17627 | Lair:3   | Reached skill level 5 in Fire Magic
 18223 | Lair:3   | Identified the +1 falchion "Janox" {freeze, Int+2 Dex+5}
                  | (You found it on level 3 of the Lair of Beasts)
 18782 | Lair:4   | Reached skill level 17 in Spellcasting
 19004 | Lair:4   | Noticed an eight-headed hydra
 19015 | Lair:4   | Killed an eight-headed hydra
 19818 | Lair:4   | Found a staircase to the Shoals.
 20223 | Lair:4   | Learned a level 5 spell: Fireball
 20314 | Lair:5   | Noticed a six-headed hydra
 20331 | Lair:5   | Killed a six-headed hydra
 20331 | Lair:5   | Reached skill level 5 in Hexes
 20331 | Lair:5   | Reached skill level 1 in Evocations
 21077 | Lair:5   | Found a staircase to the Slime Pits.
 21120 | Lair:5   | Learned a level 3 spell: Ozocubu's Armour
 21223 | Lair:5   | Found a viscous altar of Jiyva.
 21389 | Lair:6   | Entered Level 6 of the Lair of Beasts
 21407 | Lair:6   | Reached XP level 13. HP: 46/63 MP: 15/36
 21594 | Lair:6   | Reached skill level 18 in Spellcasting
 21746 | Lair:6   | Noticed Kirke
 21764 | Lair:6   | Found a transporter.
 21822 | Lair:6   | Found a transporter.
 21825 | Lair:6   | Noticed ig87's ghost (journeyman HaFi)
 23290 | Lair:6   | Reached skill level 19 in Spellcasting
 23435 | Lair:6   | Noticed a sphinx
 24291 | Lair:6   | Reached XP level 14. HP: 68/68 MP: 8/39
 24723 | Lair:6   | Killed Kirke
 24902 | Lair:6   | Got a distressingly furry leather armour
 24917 | Lair:6   | Identified the +3 leather armour of Zoehoos {Str+5} (You
                  | found it on level 6 of the Lair of Beasts)
 25837 | Lair:2   | Found a large runed translucent door.
 25838 | Lair:2   | Found a large runed translucent door.
 25839 | Lair:2   | Noticed mys's ghost (journeyman DsNe)
 26284 | Lair:2   | Found a staircase to the Snake Pit.
 26642 | D:8      | Bought the ring "Cethrasue" {rElec rN+ Int+4 Stlth+} for
                  | 542 gold pieces
 26642 | D:8      | Bought the ring of Kurig {Fire Stlth+} for 417 gold pieces
 26642 | D:8      | Bought the ring of Rowattoth {*Tele Int+4 Dex+7} for 451
                  | gold pieces
 26886 | D:6      | Killed sirjames's ghost
 27275 | Lair:2   | Killed mys's ghost
 27434 | Lair:2   | Got a heavily runed ring mail
 27437 | Lair:2   | Got a pearl-studded chain mail
 27679 | Lair:6   | Killed ig87's ghost
 27679 | Lair:6   | Reached skill level 10 in Translocations
 27697 | Lair:6   | Got an encrusted helmet
 27708 | Lair:6   | Identified the +2 helmet "Amauno" {+Inv Int+5 Dex-5} (You
                  | found it on level 6 of the Lair of Beasts)
 27943 | Orc:1    | Entered Level 1 of the Orcish Mines
 28090 | Orc:1    | Noticed Jorgrun
 28166 | D:10     | Killed Jorgrun
 28166 | D:10     | Reached skill level 20 in Spellcasting
 28166 | D:10     | Reached skill level 1 in Charms
 28654 | Orc:1    | Found a roughly hewn altar of Beogh.
 28839 | Orc:1    | You fall into a shaft and drop 1 floor!
 28839 | Orc:2    | Entered Level 2 of the Orcish Mines
 29003 | Orc:2    | Found Raobb's Book Shoppe.
 29004 | Orc:2    | Found Yjiwits's Jewellery Shoppe.
 29376 | Orc:1    | Learned a level 4 spell: Summon Lightning Spire
 30665 | Orc:2    | Found a staircase to the Elven Halls.
 30844 | Orc:2    | Found Voide's Food Shop.
 30856 | Orc:2    | Found Myoteysm's Assorted Antiques.
 30867 | Orc:2    | Bought a metal-bound book for 465 gold pieces
 30867 | Orc:2    | Bought a potion of magic for 248 gold pieces
 30867 | Orc:2    | Bought a chunky papyrus book for 465 gold pieces
 30874 | Orc:2    | Learned a level 6 spell: Starburst
 30882 | Orc:2    | Learned a level 7 spell: Ring of Flames
 31233 | D:8      | Identified the cursed +0 chain mail of Experimentation
                  | {Int+7} (You found it on level 2 of the Lair of Beasts)
 31246 | D:8      | Identified the cursed +0 ring mail "Waxif" {Regen+ Dex+5}
                  | (You found it on level 2 of the Lair of Beasts)
 31271 | D:8      | Bought a bloodstained leather armour for 224 gold pieces
 31282 | D:8      | Identified the +2 leather armour "Kekku" {rElec MR- rCorr
                  | Slay+5} (You bought it in a shop on level 8 of the Dungeon)
 31436 | Snake:1  | Entered Level 1 of the Snake Pit
 31518 | Snake:1  | Reached XP level 15. HP: 72/72 MP: 25/41
 31687 | Snake:1  | Noticed a nagaraja
 31690 | Snake:1  | Killed a nagaraja
 32231 | Snake:1  | Noticed Azrael
 32290 | Snake:1  | Killed Azrael
 32295 | Snake:1  | Killed by an exploding fulminant prism

Illustrated notes

Levels and vault maps discovered:
D:1:      evilmike_arrival_hilbert_curve, layout_loops_ring, serial_forest,
          infiniplex_forest_zigzag_2, infiniplex_forest_end_1,
          infiniplex_forest_straight_1, infiniplex_forest_clump_curved,
          infiniplex_forest_clump_curved, infiniplex_forest_clump_medium
D:2:      layout_loops_corners, first_ration, chequers_serial_rivers_room_b
D:3:      kennysheep_six_static_rooms, layout_basic, lemuel_crystal_altar,
          uniq_natasha
D:4:      layout_basic
D:5:      layout_loops_cross, nicolae_gozag_cash_rules_everything_around_me,
          nemelex_xobeh_ov_fountains_minmay
D:6:      layout_loops_cross, minmay_temple_entry_stoned_glass,
          hellmonk_ghost_happy_afterlife
D:7:      minmay_slanted_spiral_squares, layout_basic
D:8:      layout_rooms, grunt_qazlal_sundering, lair_entry_dummy,
          enter_ossuary_1, uniq_joseph
D:9:      layout_stronghold, lemuel_doored_altar, vehumet_statue,
          lemuel_coloured_pillars_altar, serial_shops, shop
D:10:     layout_basic, erik_orc_4, serial_shops, kennysheep_mini_moat,
          grunt_ogre_cave
Lair:1:   layout_chaotic_city, wad_woods_06, grunt_megastairs_5,
          infiniplex_staircase_pool_2
Lair:2:   wad_woods_stonehenge, layout_cave_shapes,
          minmay_snake_entry_guardpost_medium, ebering_ghost_disaster_area,
          serial_bayou_shore_b, lemuel_fruit_fields
Lair:3:   layout_chaotic_city
Lair:4:   layout_long_grid, minmay_shoals_entry_hut, serial_bayou_shore_a,
          grunt_megastairs_4, minmay_lair_oklob_chamber
Lair:5:   layout_hall_layers, slime_altar_1, chequers_serial_rivers_micro_d,
          lemuel_fruit_tree
Lair:6:   minmay_lair_end_frog_pond, layout_gridlike,
          gammafunk_ghost_berserking_beasts, bobbens_ice_dragon_lair, uniq_kirke
Snake:1:  nicolae_snake_hallway, layout_misc_corridors, uniq_azrael
Orc:1:    layout_caves, nicolae_orc_lost_temple, uniq_jorgrun
Orc:2:    st_orc_open, layout_caves

Skill      XL: |  1  2  3  4  5  6  7  8  9 10 11 12 13 14 15 |
---------------+----------------------------------------------+-----
Spellcasting   | 5 6 7 9 10 12 14 16 17 19 20 | 20.8
Fire Magic     | 1 2 3 4 5 7 9 |  9.3
Conjurations   | 2 3 4 5 6 7 9 11 12 13 14 | 14.0
Poison Magic   | 1 2 |  2.3
Air Magic      | 1 2 |  2.4
Stealth        | 3 4 5 6 |  6.0
Dodging        | 3 4 5 6 7 8 |  8.2
Translocations | 2 3 5 6 8 9 10 | 10.4
Long Blades    | 1 |  1.8
Hexes          | 1 5 6 |  6.1
Evocations     | 1 2 |  2.6
Charms         | 1 3 |  3.6
Summonings     | |  1.7
Ice Magic      | |  0.4

Action                   |  1- 3 |  4- 6 |  7- 9 | 10-12 | 13-15 || total
-------------------------+-------+-------+-------+-------+-------++-------
Melee: Unarmed           |       |     2 |       |       |       ||     2
       Falchion          |       |       |    31 |       |       ||    31
       Staff             |       |       |       |       |     3 ||     3
 Cast: Magic Dart        |   125 |   166 |   214 |   427 |   111 ||  1043
       Conjure Flame     |       |     3 |    36 |    77 |    20 ||   136
       Mephitic Cloud    |       |     1 |    10 |     9 |       ||    20
       Blink             |       |     1 |    14 |    25 |    40 ||    80
       Gell's Gravitas   |       |       |    33 |    59 |    23 ||   115
       Fulminant Prism   |       |       |     1 |    85 |    28 ||   114
       Fireball          |       |       |       |    15 |   259 ||   274
       Ozocubu's Armour  |       |       |       |       |     4 ||     4
       Summon Lightning  |       |       |       |       |    12 ||    12
       Starburst         |       |       |       |       |     1 ||     1
Invok: Call Merchant     |       |       |       |     1 |     3 ||     4
 Abil: Evoke Invisibilit |       |       |       |       |     1 ||     1
Evoke: Wand              |       |       |     1 |    17 |    19 ||    37
       Box of beasts     |       |       |       |       |     1 ||     1
       Phial of floods   |       |       |       |       |     1 ||     1
  Use: Scroll            |       |     3 |    17 |    12 |    15 ||    47
       Potion            |       |     2 |     2 |     1 |     8 ||    13
  Eat: Chunk             |     5 |     9 |     3 |       |       ||    17
       Ration            |       |       |     4 |     9 |    10 ||    23
Armor: Robe              |     6 |     7 |    18 |    21 |     9 ||    61
       Skin              |       |       |    96 |       |       ||    96
       Leather armour    |       |       |       |       |    49 ||    49
Dodge: Dodged            |    24 |    28 |   129 |   190 |   148 ||   519
       Rpst.: Falchion   |       |     3 |    31 |    29 |       ||    63
